Map: Terraformation EC (Void)

Players

zuka - Winner!

  • Race: Protoss Protoss
  • League: Diamond

neuro

  • Race: Zerg Zerg
  • League: Master

VOD

https://www.youtube.com/watch?v=wljkaFXO8Bw

Description

Time

  • Played on: Sept. 20, 2015, 3:34 a.m.
  • Length: 7:21
Show
View Real Time Build Order
Export as new Build Order

zuka Protoss - Winner!

Build Orders:  

Get SALT Encoding   

  12  0:00  Probe (Chrono Boost)  
  13  0:13  Pylon  
  13  0:17  Probe (Chrono Boost)  
  14  0:27  Probe (Chrono Boost)  
  15  0:34  Gateway  
  15  0:37  Probe (Chrono Boost)  
  16  0:47  Probe (Chrono Boost)  
  16  0:49  Assimilator  
  17  0:53  Assimilator  
  17  0:57  Probe (Chrono Boost)  
  18  1:07  Probe (Chrono Boost)  
  18  1:09  Gateway  
  19  1:17  Probe (Chrono Boost)  
  20  1:24  Cybernetics Core  
  20  1:27  Probe (Chrono Boost)  
  21  1:37  Probe (Chrono Boost)  
  21  1:39  Pylon  
  22  1:47  Probe (Chrono Boost)  
  23  1:57  Probe (Chrono Boost)  
  23  2:00  Adept x2  
  28  2:03  Warp Gate  
  28  2:06  Probe (Chrono Boost)  
  29  2:30  Nexus  
  29  2:34  Pylon  
  29  2:38  Mothership Core (Chrono Boost)  
  31  2:53  Robotics Facility  
  31  2:55  Probe (Chrono Boost)  
  32  3:05  Probe (Chrono Boost)  
  33  3:13  Gateway  
  33  3:15  Probe (Chrono Boost)  
  33  3:19  Gateway  
  34  3:25  Probe (Chrono Boost)  
  35  3:31  Gateway  
  35  3:35  Probe (Chrono Boost)  
  35  3:41  Probe (Chrono Boost)  
  36  3:45  Probe (Chrono Boost), Warp Prism  
  40  3:53  Probe (Chrono Boost)  
  40  3:55  Pylon  
  41  3:57  Probe (Chrono Boost)  
  42  4:03  Probe (Chrono Boost)  
  42  4:09  Gateway  
  43  4:14  Gateway  
  43  4:16  Gateway  
  43  4:24  Adept  
  43  4:25  Adept  
  47  4:38  Adept x2  
  46  4:53  Adept x2  
  50  5:08  Adept x3  
  56  5:23  Stalker x2  
  56  5:26  Stalker  
  62  5:32  Pylon  
  62  5:33  Pylon  
  62  5:51  Zealot x5  
  70  5:57  Stalker  
  72  6:04  Stalker  
  72  6:07  Sentry  
  76  6:15  Zealot  
  78  6:23  Pylon  
  78  6:41  Probe (Chrono Boost)  
  69  7:00  Stalker  
  69  7:01  Stalker x5  
  73  7:02  Stalker x2  
Show
View Real Time Build Order
Export as new Build Order

neuro Zerg 

Build Orders: Hatch First 

Get SALT Encoding   

  12  0:01  Drone  
  13  0:16  Overlord  
  13  0:19  Drone  
  14  0:34  Drone x2  
  16  0:38  Drone  
  17  0:55  Hatchery, Drone  
  17  0:59  Drone  
  18  1:11  Spawning Pool  
  18  1:14  Drone  
  18  1:17  Extractor  
  17  1:20  Drone  
  18  1:31  Drone  
  19  1:42  Drone  
  20  1:53  Drone  
  21  2:05  Overlord  
  21  2:06  Hatchery  
  20  2:10  Zergling x2  
  20  2:14  Queen  
  23  2:18  Queen  
  25  2:24  Metabolic Boost  
  25  2:29  Drone  
  26  2:38  Zergling x6  
  26  2:42  Zergling x2  
  30  2:55  Drone x3  
  33  3:01  Drone x2  
  35  3:09  Overlord  
  35  3:16  Drone  
  35  3:17  Evolution Chamber  
  35  3:18  Queen  
  37  3:22  Drone x2  
  37  3:23  Drone  
  40  3:32  Drone x4  
  43  3:48  Zergling x6  
  45  3:49  Zergling x2  
  47  3:57  Overlord x2  
  47  4:01  Drone x2  
  49  4:15  Drone x9  
  58  4:20  Drone  
  58  4:23  Overlord  
  59  4:25  Overlord  
  59  4:26  Drone x4  
  63  4:38  Roach Warren  
  63  4:41  Extractor x2  
  63  4:44  Drone x2  
  63  4:45  Drone x8  
  67  4:55  Drone x4  
  67  5:01  Drone  
  67  5:02  Zerg Ground Armor Level 1  
  67  5:03  Drone  
  68  5:09  Drone x3, Extractor  
  68  5:11  Hatchery  
  68  5:12  Queen  
  71  5:20  Roach x4  
  76  5:24  Roach x2  
  73  5:30  Roach  
  73  5:31  Roach  
  79  5:35  Zergling x10  
  73  5:52  Roach Warren  
  73  5:53  Zergling x20  
  77  5:59  Zergling x8  
  77  6:10  Zergling x10  
  77  6:18  Spawning Pool  
  74  6:24  Queen  
  77  6:32  Roach  
  77  6:33  Overlord, Roach x2  
  77  6:34  Overlord x3  
  81  6:46  Roach  
  81  6:47  Roach x3  
  81  6:50  Roach  
  81  6:53  Roach  
  81  6:54  Roach x2  
  76  6:57  Roach  
Tags
 
Add a new tag
Caveats
  • Supply blocks, unpowered buildings, or Contaminate may cause inaccurate times.
  • Supply counts are checked every 10 seconds.